 Dungeon Crawl Stone Soup version 0.20.1-1-g8b1a95d (webtiles) character file.

4139 Peloso the Carver (level 10, -3/74 HPs)
             Began as a Demonspawn Fighter on July 29, 2017.
             Was an Initiate of Okawaru.
             Splashed by Maurice's acid (13 damage)
             ... on level 8 of the Dungeon.
             The game lasted 00:17:07 (6729 turns).

Peloso the Carver (Demonspawn Fighter)              Turns: 6729, Time: 00:17:14

Health: -3/74      AC:  5    Str: 23    XL:     10   Next: 7%
Magic:  10/10      EV:  8    Int: 10    God:    Okawaru [......]
Gold:   0          SH: 12    Dex: 13    Spells: 9/9 levels left

rFire    + + .     SeeInvis .   a - +1 long sword
rCold    + . .     Gourm    .   c - +1 shield
rNeg     . . .     Faith    .   x - +0 chain mail
rPois    .         Spirit   .   G - +0 hat of Gokkeamp {-Cast +Fly rF+ MR++}
rElec    .         Reflect  .   O - scarf {rC+ rF+}
rCorr    .         Harm     .   (no gloves)
MR       ++...     NoCast   +   (no boots)
Stlth    ..........             (no amulet)
Regen    0.3/turn               L - +4 ring of strength
MPRegen  0.2/turn               z - +1 ring of protection

@: corroded, sanguine armour
A: talons 1, powered by pain 2, spiny 1, sanguine armour 1
a: Renounce Religion, Evoke Flight


You were on level 8 of the Dungeon.
You worshipped Okawaru.
Okawaru was noncommittal.
You were not hungry.

You visited 2 branches of the dungeon, and saw 9 of its levels.
You also visited: Ossuary.

Inventory:

Hand Weapons
 a - a +1 long sword (weapon)
 F - a +0 dagger
Armour
 b - a +0 scale mail
 c - a +1 shield (worn)
 x - a +0 chain mail (worn)
 G - the +0 hat of Gokkeamp (worn) {-Cast +Fly rF+ MR++}
   (You found it on level 6 of the Dungeon)

   It protects you from fire.
   It affects your resistance to hostile enchantments.
   It lets you fly.
   It prevents spellcasting.
 O - a scarf of resistance (worn)
Jewellery
 o - an uncursed ring of flight
 y - an uncursed ring of stealth
 z - a +1 ring of protection (right hand)
 L - a +4 ring of strength (left hand)
Wands
 r - a wand of digging (14/24)
 M - a wand of paralysis (17/24)
Scrolls
 e - 4 scrolls of remove curse
 k - 2 scrolls of amnesia
 w - a scroll of fear
 B - 8 scrolls of teleportation
 D - a scroll of blinking
 H - a scroll of noise {unknown}
 N - a scroll of identify
 Q - a scroll of magic mapping
 S - a scroll of enchant weapon
Potions
 d - a potion of might
 i - a potion of agility
 l - a potion of invisibility {unknown}
 m - 3 potions of cancellation
 n - a potion of curing
 q - a potion of mutation {unknown}
 s - a potion of haste {unknown}
 t - a potion of flight {unknown}
 u - 2 potions of magic {unknown}
 A - 2 potions of degeneration {unknown}
 I - a potion of resistance {unknown}
 J - 2 potions of lignification {unknown}
 R - a potion of brilliance {unknown}
Books
 h - a book of Conjurations

   Spells                             Type                      Level
   a - Magic Dart                     Conjuration                  1
   b - Searing Ray                    Conjuration                  2
   c - Dazzling Spray                 Conjuration/Hexes            3
   d - Fulminant Prism                Conjuration/Hexes            4
   e - Force Lance                    Conjuration/Translocation    4
   f - Iskenderun's Mystic Blast      Conjuration                  4
 j - a book of Changes

   Spells                             Type                      Level
   a - Beastly Appendage              Transmutation                1
   b - Sticks to Snakes               Transmutation                2
   c - Spider Form                    Transmutation/Poison         3
   d - Ice Form                       Ice/Transmutation            4
   e - Blade Hands                    Transmutation                5
Comestibles
 f - 8 bread rations
 g - 12 fruits
 C - 6 royal jellies
 E - 2 meat rations
 K - 2 chunks of flesh


   Skills:
 + Level 5.5 Fighting
 + Level 8.5 Long Blades
 + Level 6.3 Armour
 + Level 3.4 Dodging
 + Level 1.3 Stealth
 + Level 7.0 Shields


You had 9 spell levels left.
You didn't know any spells.

Dungeon Overview and Level Annotations

Branches:
Dungeon (8/15)             Temple (1/1) D:7
   Lair: D:8-11

Altars:
Ashenzari
Gozag
Hepliaklqana
Kikubaaqudgha
Nemelex Xobeh
Okawaru
Ru
Vehumet
Xom
Zin
The Shining One

Shops:
D:4 *   D:5 (

Annotations:
D:8 Maurice


Innate Abilities, Weirdness & Mutations

You have sharp toenails.
You sometimes gain power by taking damage.
You are partially covered in sharp spines.
When seriously injured, your bleeding wounds create armour. (AC +6)


Message History

Something steals all your gold!
You feel much better. Something hits you.
Something steals your 5 fuming grey potions!
You miss something. Your kick misses something. You hit something.
Maurice appears from thin air!
Reactivating autopickup.
Maurice is struck by your spines. Maurice hits you but does no damage.
You block Maurice's attack.
You hit Maurice but do no damage.
Maurice is severely wounded.
Maurice is struck by your spines. Maurice barely misses you.
You riposte.
You hit Maurice but do no damage.
Maurice is almost dead.
You hit Maurice. You claw Maurice, but do no damage.
Maurice is almost dead.
Maurice casts a spell.
Maurice blinks!
Maurice zaps a wand.
The bolt of acid hits you!
* * * LOW HITPOINT WARNING * * *
The acid corrodes you!
You are splashed with acid!
The acid burns!
You die...

#!.....###.#
#..........#
#..........#
##....<.....#
#.....@...#####
#.........#
#.........#
####..#.#ยง#
##.#.#@#
#.....#
#.)....##
#####.. ...
.... #....
####.


You could see Maurice.

Vanquished Creatures
  The ghost of Turtleman12345 the Chopper, a novice MiFi of Makhleb (D:6)
  Grinder (D:3)
  A hippogriff (D:7)
  A human (D:7)
  4 hogs (D:7)
  A hungry ghost (D:7)
  An ice beast (D:7)
  4 ogres
  A centaur (D:7)
  5 big kobolds (D:4)
  3 bullfrogs
  An elf zombie (Ossuary)
  2 scorpions
  3 killer bees (D:7)
  A crimson imp (D:6)
  4 centaur zombies
  2 human zombies (Ossuary)
  A jelly (D:5)
  3 hounds
  4 orc priests
  4 orc wizards
  Natasha (thrice) (D:4)
  2 iguanas
  5 worker ants
  2 big kobold zombies (Ossuary)
  2 mummies (Ossuary)
  6 gnolls
  A howler monkey skeleton (D:7)
  4 adders
  A shadow imp (D:7)
  2 oozes (D:3)
  An adder skeleton (D:4)
  2 worms
  3 leopard geckos
  22 orcs
  A ball python (D:5)
  7 bats
  2 giant cockroaches
  4 goblins
  5 hobgoblins
  A jackal (D:5)
  4 quokkas
  4 frilled lizards
  2 goblin zombies (Ossuary)
  8 hobgoblin zombies (Ossuary)
  A jackal skeleton (D:5)
  A jackal zombie (Ossuary)
  58 kobolds
  9 kobold zombies (Ossuary)
  8 orc zombies (Ossuary)
  7 rats
226 creatures vanquished.

Notes
Turn   | Place    | Note
-------+----------+-------------------------------------------
     0 | D:1      | Peloso the Demonspawn Fighter began the quest for the Orb.
     0 | D:1      | Reached XP level 1. HP: 18/18 MP: 1/1
   191 | D:1      | Gained mutation: When seriously injured, your bleeding wounds create armour. (AC +6) [demonic ancestry]
   191 | D:1      | Reached XP level 2. HP: 12/24 MP: 2/2
   374 | D:1      | Reached skill level 2 in Long Blades
   984 | D:2      | Reached XP level 3. HP: 20/29 MP: 3/3
  1424 | D:2      | Reached skill level 3 in Long Blades
  1551 | D:3      | Noticed Grinder
  1580 | D:3      | Killed Grinder
  1580 | D:3      | Reached skill level 4 in Long Blades
  1580 | D:3      | Reached XP level 4. HP: 18/37 MP: 4/4
  1580 | D:3      | Gained mutation: You are partially covered in sharp spines. [demonic ancestry]
  1580 | D:3      | Reached XP level 5. HP: 21/42 MP: 5/5
  1783 | D:3      | Reached XP level 6. HP: 48/48 MP: 6/6
  2150 | D:3      | Found an opulent altar of Gozag.
  2411 | D:4      | Noticed Natasha
  2424 | D:4      | Killed Natasha
  2514 | D:4      | Found a glowing silver altar of Zin.
  2777 | D:4      | Found an opulent altar of Gozag.
  2777 | D:4      | Found Gozag's Platinum Reserve.
  2836 | D:4      | Noticed Natasha
  3070 | D:4      | Reached skill level 1 in Dodging
  3070 | D:4      | Gained mutation: You sometimes gain a little power by taking damage. [demonic ancestry]
  3070 | D:4      | Reached XP level 7. HP: 17/53 MP: 7/7
  3492 | D:4      | Reached skill level 5 in Long Blades
  3585 | D:4      | Killed Natasha
  3725 | D:4      | Noticed Natasha
  3732 | D:4      | Killed Natasha
  3838 | D:5      | Entered Level 5 of the Dungeon
  4104 | D:5      | Gained mutation: You have sharp toenails. [demonic ancestry]
  4104 | D:5      | Reached XP level 8. HP: 58/60 MP: 8/8
  4328 | D:5      | Found Hywat's Antique Weapon Boutique.
  4331 | D:5      | Reached skill level 5 in Shields
  4566 | D:5      | Reached skill level 5 in Armour
  4637 | D:6      | Noticed Turtleman12345's ghost (novice MiFi)
  5009 | D:6      | Killed Turtleman12345's ghost
  5009 | D:6      | Reached skill level 6 in Long Blades
  5009 | D:6      | Reached skill level 1 in Stealth
  5131 | D:6      | Reached XP level 9. HP: 42/67 MP: 9/9
  5148 | D:6      | Got a smoking hat
  5154 | D:6      | Identified the +0 hat of Gokkeamp {-Cast +Fly rF+ MR++} (You found it on level 6 of the Dungeon)
  5502 | D:7      | Found a sparkling altar of Nemelex Xobeh.
  5543 | D:7      | Found a sand-covered staircase.
  5548 | Ossuary  | Entered an ossuary
  5671 | Ossuary  | Reached skill level 7 in Long Blades
  5696 | Ossuary  | Reached skill level 5 in Fighting
  6044 | D:7      | Reached skill level 8 in Long Blades
  6083 | D:7      | Found a staircase to the Ecumenical Temple.
  6107 | Temple   | Entered the Ecumenical Temple
  6113 | Temple   | Became a worshipper of Warmaster Okawaru
  6164 | D:7      | Identified the Volume of Gliding Attacks
  6291 | D:7      | Gained mutation: You sometimes gain power by taking damage. [demonic ancestry]
  6291 | D:7      | Reached XP level 10. HP: 44/74 MP: 10/10
  6687 | D:8      | Noticed Maurice
  6729 | D:8      | Splashed by Maurice's acid

Skill      XL: |  1  2  3  4  5  6  7  8  9 |
---------------+----------------------------+-----
Shields        | 3 4 5 7 |  7.0
Long Blades    | 2 4 5 6 8 |  8.5
Armour         | 3 4 5 6 |  6.3
Dodging        | 1 2 3 |  3.4
Fighting       | 4 5 |  5.5
Stealth        | 1 |  1.3

Action                   |  1- 3 |  4- 6 |  7- 9 | 10-12 || total
-------------------------+-------+-------+-------+-------++-------
Melee: Long sword        |   123 |   136 |   381 |    33 ||   673
       Kick              |       |       |   110 |    10 ||   120
  Use: Scroll            |       |       |    14 |       ||    14
       Potion            |       |       |     1 |     3 ||     4
  Eat: Chunk             |     2 |     4 |    11 |     3 ||    20
       Fruit             |       |     1 |     1 |       ||     2
Armor: Scale mail        |    39 |       |       |       ||    39
       Chain mail        |     8 |   113 |   172 |    10 ||   303
Dodge: Dodged            |    35 |    41 |    92 |     3 ||   171
Block: Shield            |    62 |    90 |   252 |    13 ||   417
       Rpst.: Long sword |    16 |     9 |    26 |     2 ||    53
